Map: Defender's Landing LE

Players

Warlego - Winner!

  • Race: Terran Terran
  • Spawn Location: 7:00

Juxtapose

  • Race: Zerg Zerg
  • Spawn Location: 1:00

VOD

https://youtu.be/q4BxoH54Pbg

Description

In all honesty, I'm having trouble properly understanding Zerg fundamentals: when to attack, what unit composition, when to tech, etc.

Another major issue of mine that would help me in the early game: I constantly forget Ravagers exist. No, really, in the entire game I always completely forget that this one specific unit, a unit that would be good at busting through wall-ins, exists.

Time

  • Played on: May 10, 2017, 9:29 p.m.
  • Length: 13:14
Show
View Real Time Build Order
Export as new Build Order

Warlego Terran - Winner!

Build Orders: MMM Bio 

Get SALT Encoding   

  12  0:02  SCV  
  13  0:18  Supply Depot  
  13  0:19  SCV  
  14  0:27  Refinery  
  14  0:31  SCV  
  15  0:45  Barracks  
  15  0:47  SCV  
  16  0:59  SCV  
  16  1:03  Refinery  
  17  1:11  SCV  
  18  1:23  SCV  
  19  1:35  SCV  
  20  1:42  Barracks Tech Lab  
  20  1:43  Factory  
  20  1:48  Orbital Command  
  20  2:03  Marauder  
  22  2:12  Barracks  
  22  2:25  Supply Depot  
  22  2:28  Marine  
  22  2:29  Factory Tech Lab  
  23  2:38  Starport  
  23  2:47  SCV, Marine  
  25  3:05  Supply Depot  
  25  3:09  Siege Tank  
  25  3:12  Barracks Reactor  
  28  3:17  Starport Tech Lab  
  28  3:35  Command Center  
  28  3:42  Supply Depot  
  28  3:50  Siege Tank  
  31  3:59  Medivac  
  33  4:03  SCV  
  34  4:14  Supply Depot  
  34  4:15  SCV  
  35  4:17  Marine  
  35  4:19  Marine  
  37  4:27  SCV  
  34  4:47  Marine x2  
  34  4:50  Liberator  
  36  4:56  Supply Depot  
  36  4:58  SCV  
  37  5:01  Marauder  
  39  5:10  SCV  
  39  5:12  Marine  
  39  5:14  Marine  
  45  5:22  SCV  
  45  5:23  Marauder  
  45  5:26  Supply Depot  
  48  5:35  Siege Tank  
  48  5:38  Marine x2  
  53  5:44  Stimpack  
  53  5:50  Supply Depot  
  53  5:54  Orbital Command  
  53  5:55  SCV  
  53  5:56  Marine x2  
  56  6:24  Refinery  
  56  6:25  Engineering Bay  
  56  6:30  Barracks  
  56  6:36  Marine x2  
  56  6:38  Armory  
  58  6:48  Refinery  
  58  6:53  Engineering Bay  
  58  6:54  Marine  
  59  7:18  SCV, Barracks  
  59  7:20  SCV  
  61  7:25  Siege Tank  
  61  7:27  Medivac  
  68  7:30  SCV, Marauder, Marine x2  
  68  7:32  SCV  
  72  7:42  SCV  
  73  7:44  SCV  
  73  7:48  Marine x2  
  78  7:51  Marauder  
  78  7:54  SCV  
  78  7:56  SCV  
  80  8:06  SCV, Marine  
  80  8:07  Barracks Reactor  
  80  8:08  SCV  
  80  8:09  Barracks Tech Lab  
  83  8:16  Factory  
  83  8:18  SCV  
  84  8:30  Command Center  
  84  8:40  Medivac  
  86  8:43  Thor  
  92  8:51  Supply Depot  
  92  8:55  Supply Depot  
  92  9:01  Factory  
  89  9:10  Medivac  
  89  9:14  Supply Depot  
  85  9:17  Supply Depot  
  85  9:23  Marauder x2, Marine x2  
  85  9:24  Marine x2  
  92  9:29  Combat Shields  
  93  9:32  Factory Tech Lab  
  93  9:37  Terran Infantry Weapons Level 1  
  93  9:39  Supply Depot  
  93  9:41  Marine x2, Terran Infantry Armor Level 1  
  93  9:42  Supply Depot  
  93  9:44  Marauder x2  
  99  9:52  Orbital Command  
  99  10:03  SCV  
  99  10:05  Marauder  
  102  10:07  SCV  
  103  10:16  SCV  
  103  10:19  SCV  
  105  10:21  Factory Reactor  
  105  10:23  Siege Tank x2  
  105  10:28  SCV, Marine x2  
  114  10:30  Marine  
  114  10:31  SCV, Marine  
  117  10:40  SCV  
  117  10:42  Marauder  
  120  10:43  SCV  
  120  10:44  Concussive Shells  
  120  10:45  Marine  
  120  10:46  Marauder, Marine  
  120  10:48  Raven, Marine  
  120  10:49  Marine  
  129  10:52  SCV  
  129  10:55  Siege Tank  
  129  10:56  SCV  
  134  11:03  Marine x2  
  136  11:05  Refinery  
  136  11:07  Marauder  
  138  11:11  Hellbat  
  138  11:12  Hellbat  
  138  11:14  Hellbat  
  144  11:19  Marine x2  
  144  11:21  Marine x2  
  148  11:30  Refinery  
  148  11:35  Hellbat  
  150  12:06  Supply Depot  
  150  12:29  Supply Depot  
  143  12:52  Supply Depot  
Show
View Real Time Build Order
Export as new Build Order

Juxtapose Zerg 

Build Orders: Pool First 

Get SALT Encoding   

  12  0:01  Drone  
  13  0:12  Drone  
  14  0:17  Overlord  
  14  0:36  Drone x3  
  17  0:49  Overlord  
  17  0:58  Spawning Pool  
  17  1:01  Drone  
  17  1:05  Extractor  
  16  1:13  Drone  
  17  1:29  Drone  
  18  1:34  Drone  
  19  1:45  Queen  
  21  1:47  Drone  
  22  1:55  Extractor  
  22  1:58  Baneling Nest  
  20  2:14  Zergling x2  
  20  2:15  Zergling x4  
  23  2:30  Drone  
  24  2:45  Evolution Chamber  
  24  2:48  Lair  
  23  2:51  Drone x2  
  25  2:59  Zergling x2, Drone x2  
  28  3:18  Zergling x4  
  30  3:24  Baneling x2  
  30  3:34  Overlord x2  
  30  3:38  Baneling  
  30  3:39  Baneling x3  
  30  3:43  Metabolic Boost  
  30  3:51  Infestation Pit  
  30  3:54  Drone  
  30  4:02  Centrifical Hooks  
  30  4:19  Zergling x4  
  30  4:20  Zergling x2  
  30  4:22  Zerg Melee Weapons Level 1  
  33  4:25  Hatchery  
  33  4:30  Zergling x6  
  29  4:55  Hive  
  29  5:00  Drone  
  30  5:16  Overseer  
  30  5:57  Drone x2  
  30  5:58  Drone x6  
  38  6:15  Queen  
  40  6:37  Drone  
  40  6:38  Drone  
  42  6:43  Ultralisk Cavern  
  42  6:46  Drone x6  
  47  6:59  Extractor  
  47  7:01  Extractor  
  45  7:02  Drone x2  
  47  7:12  Zerg Ground Armor Level 1  
  39  7:38  Hydralisk Den  
  38  7:46  Queen  
  40  7:54  Ultralisk x2  
  52  8:16  Overlord x2  
  52  8:36  Hydralisk  
  54  8:59  Hydralisk  
  54  9:00  Hydralisk  
  53  9:18  Hydralisk  
  53  9:19  Hydralisk  
  57  9:40  Drone  
  57  9:41  Drone x2  
  57  9:42  Overlord x2  
  60  9:54  Muscular Augments  
  60  10:00  Drone  
  60  10:03  Drone x3  
  64  10:23  Ultralisk x2  
  64  10:27  Overlord x2  
  76  10:32  Chitinous Plating  
  76  10:45  Overlord x2  
  76  11:02  Hydralisk x3  
  82  11:08  Hatchery  
  81  11:18  Spire  
  80  11:34  Hydralisk x2  
  80  11:36  Ultralisk  
  80  11:38  Zergling x6  
  93  12:11  Overseer  
  93  12:13  Overseer  
  93  12:16  Pneumatized Carapace  
  93  12:34  Hydralisk x2  
  75  12:52  Zergling x4  
  75  12:53  Zergling x2  
Tags
 
Composition
MMM Bio
Matchup
TvZ
Opening
Pool First
Spawn Locations
Cross Positions
Add a new tag
Caveats
  • Supply blocks, unpowered buildings, or Contaminate may cause inaccurate times.
  • Supply counts are checked every 10 seconds.